 Dungeon Crawl Stone Soup version 0.30-a0-4-ga7cffc901d (webtiles) character file.

Game seed: 8760764600887153871

25 voltaire321 the Sneak (level 3, -2/23 HPs)
             Began as a Kobold Delver on Aug 20, 2022.
             Slain by Menkaure (10 damage)
             ... on level 5 of the Dungeon.
             The game lasted 00:00:45 (44 turns).

voltaire321 the Sneak (Kobold Delver)                 Turns: 44, Time: 00:00:46

Health: -2/23      AC:  3    Str:  9    XL:     3   Next: 17%
Magic:  3/3        EV: 15    Int: 11    God:
Gold:   0          SH:  0    Dex: 18    Spells: 2/2 levels left

rFire   . . .      SeeInvis .    a - +0 short sword
rCold   . . .      Faith    .    (no shield)
rNeg    . . .      Spirit   .    b - +0 leather armour
rPois   .          Reflect  .    (no helmet)
rElec   .          Harm     .    (no cloak)
rCorr   .          Rampage  .    (no gloves)
Will    .....                    (no boots)
Stlth   ++++......               (no amulet)
HPRegen 0.07/turn                (no ring)
MPRegen 0.08/turn                (no ring)

@: no status effects
A: small, no large weapons, nightstalker 3
a: no special abilities


You were on level 5 of the Dungeon.
You visited 1 branch of the dungeon, and saw 1 of its levels.

Inventory:

Hand Weapons
 a - a +0 short sword (weapon)
Armour
 b - a +0 leather armour (worn)
 h - an orb of light
Wands
 g - a wand of digging (3)
Scrolls
 c - a scroll of fog
 d - a scroll of magic mapping
 e - a scroll of fear
Potions
 f - a potion of haste


   Skills:
 + Level 3.6 Fighting
 + Level 3.2 Short Blades
 + Level 2.9 Dodging
 + Level 6.9 Stealth


You had 2 spell levels left.
You didn't know any spells.
Your spell library was empty.

Dungeon Overview and Level Annotations

Branches:
Dungeon (5/15)
 Temple: D:4-7

Altars:

Annotations:
D:5 Menkaure


Innate Abilities, Weirdness & Mutations

You are small and have problems with some larger weapons.
You are completely attuned to the shadows.


Message History

h - an orb of light An iguana comes into view.
The helpless iguana fails to defend itself.
You impale the iguana!!
You kill the iguana!
Your Short Blades skill increases to level 3!
You have reached level 2!
You have reached level 3!
Your experience leads to an increase in your attributes!
Increase (S)trength, (I)ntelligence, or (D)exterity?
You feel agile. x2
Menkaure, Prince of Dust comes into view.
Menkaure shouts!
You hit Menkaure.
Menkaure is lightly damaged.
Menkaure gestures wildly while chanting.
Menkaure seems to speed up.
You hear a shout!
You hit Menkaure. You punch Menkaure.
Menkaure is heavily damaged.
Menkaure closely misses you.
You hit Menkaure but do no damage.
Menkaure is heavily damaged.
An orc comes into view. It is wielding a +0 flail.
Menkaure closely misses you.
You barely miss Menkaure.
Menkaure is heavily damaged.
Menkaure hits you!
Ouch! That really hurt!
You hit Menkaure.
Menkaure is heavily damaged.
Menkaure hits you but does no damage. Menkaure barely misses you.
You hit Menkaure.
Menkaure is severely damaged.
An orc wizard comes into view. It is wielding a +0 dagger.
Menkaure barely misses you.
You hit Menkaure but do no damage.
Menkaure is severely damaged.
Menkaure hits you!
You die...

#..#.###
#.o#....
##..#..#
...M#..####
....o@......
............
.........##..
............
#..#..##......
......##.##..#
.....###.##..##.
.....# #.##.....
##.#.# #.##..##.


You could see Menkaure (fast), an orc wizard and an orc.

Vanquished Creatures
  An iguana (D:5)
1 creature vanquished.

Notes
Turn   | Place    | Note
-------+----------+-------------------------------------------
     0 | D:5      | voltaire321 the Kobold Delver began the quest for the Orb.
     0 | D:5      | Reached XP level 1. HP: 14/14 MP: 1/1
    20 | D:5      | Noticed an iguana
    23 | D:5      | Killed an iguana
    24 | D:5      | Reached XP level 2. HP: 19/19 MP: 2/2
    24 | D:5      | Reached XP level 3. HP: 23/23 MP: 3/3
    34 | D:5      | Noticed Menkaure
    44 | D:5      | Slain by Menkaure

Illustrated notes

Levels and vault maps discovered:
D:5:      layout_basic, minmay_temple_entry_statues_fountains, uniq_menkaure,
          uniq_crazy_yiuf_cottage

Skill      XL: |  1 |
---------------+----+-----
Short Blades   | 3 |  3.2
Fighting       | |  3.6
Dodging        | |  2.9
Stealth        | |  6.9

Action                   || total
-------------------------++-------
Melee: Short sword       ||     8
       Punch             ||     1
 Stab: Sleeping          ||     1
Armor: Leather armour    ||     1
Dodge: Dodged            ||     4

Table legend: (Time is in decaauts)
 A = Elapsed time spent in this place.
 B = Non-inter-level travel time spent in this place.
 C = Inter-level travel time spent in this place.
 D = Time resting spent in this place.
 E = Time spent auto-exploring this place.
 F = Levels seen in this place.
 G = Mean time per level.
                   A        B        C        D        E       F      G
               +--------+--------+--------+--------+--------+-----+--------+
         Total |     43 |     43 |      0 |      0 |      1 |   1 |   43.0 |
       Dungeon |     43 |     43 |      0 |      0 |      1 |   1 |   43.0 |
               +--------+--------+--------+--------+--------+-----+--------+

Top non-repeatable levels by time:
     D:5: 43 daAuts
